 Dungeon Crawl Stone Soup version 0.19.1 (webtiles) character file.

4447 Kenran the Martial Artist (level 10, 0/68 (69) HPs)
             Began as an Octopode Transmuter on Dec 16, 2016.
             Was an Initiate of Gozag.
             Slain by a hound (6 damage)
             ... on level 9 of the Dungeon.
             The game lasted 00:22:59 (10900 turns).

Kenran the Martial Artist (Octopode Transmuter)    Turns: 10900, Time: 00:22:59

HP:   0/68 (69)     AC:  3    Str:  9    XL:     10   Next: 37%
MP:   13/13         EV: 16    Int: 17    God:    Gozag
Gold: 606           SH:  0    Dex: 15    Spells: 4 memorised, 3 levels left

rFire  . . .     SeeInvis .       - Unarmed
rCold  . . .     Gourm    .     (no shield)
rNeg   . . .     Faith    .     l - +2 hat
rPois  .         Spirit   .     (no amulet)
rElec  .         Reflect  .     n - ring of stealth
rCorr  .         Harm     .     (no ring)
MR     .....                    (no ring)
Stlth  ++++......               (no ring)
                                (no ring)
                                (no ring)
                                (no ring)
                                (no ring)

@: heavily drained
A: almost no armour, stealthy swim, amphibious, 8 rings, constrict 8, camouflage
1, gelatinous body 1
a: Potion Petition, Call Merchant, Bribe Branch, Renounce Religion


You were on level 9 of the Dungeon.
You worshipped Gozag.
Gozag was pleased with you.
You were near starving.

You visited 2 branches of the dungeon, and saw 10 of its levels.

You collected 680 gold pieces.
You paid 74 gold pieces to Gozag.

Inventory:

Missiles
 a - 45 arrows
 e - 314 stones (quivered)
Armour
 l - a +2 hat (worn)
Jewellery
 n - a ring of stealth (left tentacle)
Wands
 y - a wand of iceblast (7/15)
Scrolls
 d - a scroll of immolation {!r}
 i - a scroll of blinking {@r3}
 k - 3 scrolls of fog
 o - 4 scrolls of recharging
 p - 2 scrolls of magic mapping
 t - 4 scrolls of remove curse {@r2}
 u - a scroll of teleportation {@r4}
 B - a scroll of enchant weapon
Potions
 f - 2 potions of flight {unknown}
 g - 2 potions of haste {@q3}
 h - a potion of agility {unknown}
 j - 2 potions of degeneration {unknown}
 m - a potion of curing {unknown}
 q - a potion of heal wounds {unknown}
 v - a potion of berserk rage {unknown}
 x - a potion of mutation {unknown}
 z - 3 potions of brilliance
Books
 b - a book of Changes

   Spells                             Type                      Level
   a - Beastly Appendage              Transmutation                1
   b - Sticks to Snakes               Transmutation                2
   c - Spider Form                    Transmutation/Poison         3
   d - Ice Form                       Ice/Transmutation            4
   e - Blade Hands                    Transmutation                5
Comestibles
 c - 6 bread rations {@e1}
 A - 3 fruits {@e3}
 C - 2 meat rations {@e1}


   Skills:
 - Level 6.5(5.0) Fighting
 - Level 6.3(4.8) Dodging
 - Level 3.5(2.1) Stealth
 + Level 10.3(8.7) Unarmed Combat
 - Level 2.0(0.6) Spellcasting
 - Level 5.2(3.8) Transmutations
 - Level 3.8(2.4) Poison Magic


You had 3 spell levels left.
You knew the following spells:

 Your Spells              Type           Power        Failure   Level  Hunger
a - Beastly Appendage     Tmut           ##....       6%          1    ##.....
b - Sticks to Snakes      Tmut           ##......     10%         2    ###....
c - Spider Form           Tmut/Pois      ##........   21%         3    ####...
d - Ice Form              Ice/Tmut       #.......     89%         4    #####..


Dungeon Overview and Level Annotations

Branches:
Dungeon (9/15)             Temple (1/1) D:6
   Lair: D:8-11         Orc: D:9-12

Altars:
Cheibriados
Dithmenos
Elyvilon
Fedhas
Gozag
Hepliaklqana
Kikubaaqudgha
Makhleb
Nemelex Xobeh
Okawaru
Ru
Trog
Uskayaw
Vehumet
Yredelemnul
Zin
The Shining One

Shops:
D:5 !

Annotations:
D:4 1 runed door, exclusion: gnoll, jomper's ghost, amateur MiFi


Innate Abilities, Weirdness & Mutations

You cannot wear most types of armour.
You are very stealthy in the water. (Stealth+)
You are amphibious.
You can wear up to eight rings at the same time.
You can use your tentacles to constrict eight enemies at once.
Your skin changes colour to match your surroundings (Stealth+).
Your rubbery body absorbs attacks. (AC +1, EV +1)


Message History

The hungry ghost barely misses you. The hound closely misses you.
You barely miss the hungry ghost.
The hungry ghost is heavily damaged.
The hound barely misses you. The hungry ghost hits you.
* * * LOW HITPOINT WARNING * * *
You are near starving!
As you read the scroll of teleportation {@r4}, it crumbles to dust.
You feel strangely unstable. The hound bites you but does no damage.
The hungry ghost barely misses you. The hound bites you.
* * * LOW HITPOINT WARNING * * *
Your surroundings suddenly seem different.
Found a stone staircase leading down.
An ogre comes into view. It is wielding a giant club.
The ogre hits you with a giant club!
* * * LOW HITPOINT WARNING * * *
The hound barks!
The hound completely misses you. The hound bites you.
You die...
Your body crumbles into a pile of gold.

.# #......#######
....#.###.............
...#......W.h.<######
##########'##...........# #
........................# #
...........>........##..# #
#............#.......# #
###.........h..#.......######
...........O.@................
##############################


You could see a hungry ghost (wandering), an ogre and a hound.

Vanquished Creatures
  Pikel (D:5)
  Grinder (D:5)
  A two-headed ogre (D:5)
  An ice beast (D:7)
  A hornet zombie (D:6)
  2 orc warriors (D:8)
  3 sky beasts
  2 phantoms
  2 necrophages (D:7)
  2 centaurs (D:6)
  3 ogres
  2 crocodiles (D:9)
  A big kobold (D:7)
  2 bullfrogs (D:8)
  2 scorpions
  2 water moccasin skeletons
  A troll zombie (D:7)
  8 wights
  A howler monkey (D:9)
  A crimson imp (D:6)
  A bullfrog zombie (D:5)
  3 human zombies (D:7)
  2 jellies
  5 bullfrog skeletons
  6 orc priests
  3 hounds
  A gnoll shaman (D:6)
  7 orc wizards
  2 worker ants
  An ogre zombie (D:7)
  3 mummies (D:7)
  A worker ant zombie (D:6)
  Robin (D:2)
  10 adders
  6 gnolls
  4 oozes (D:1)
  2 adder skeletons (D:4)
  An adder zombie (D:6)
  A worm (D:1)
  2 dart slugs (D:1)
  7 leopard geckos
  28 orcs
  5 bats
  9 giant cockroaches
  12 hobgoblins
  12 jackals
  2 quokkas
  4 frilled lizards
  15 goblins
  A jackal zombie (D:7)
  15 kobolds
  13 rats
224 creatures vanquished.

Notes
Turn   | Place    | Note
-------+----------+-------------------------------------------
     0 | D:1      | Kenran the Octopode Transmuter began the quest for the Orb.
     0 | D:1      | Reached XP level 1. HP: 13/13 MP: 3/3
     1 | D:1      | Found a runed door.
    43 | D:1      | Reached XP level 2. HP: 17/18 MP: 5/5
    58 | D:1      | Learned a level 2 spell: Sticks to Snakes
   332 | D:1      | Reached skill level 4 in Unarmed Combat
   334 | D:1      | Reached XP level 3. HP: 16/23 MP: 4/6
   433 | D:1      | Learned a level 3 spell: Spider Form
   495 | D:1      | Reached skill level 1 in Poison Magic
   906 | D:1      | Reached XP level 4. HP: 22/28 MP: 4/7
  1275 | D:1      | Reached skill level 1 in Stealth
  1384 | D:1      | Reached XP level 5. HP: 24/33 MP: 1/8
  1651 | D:2      | Found a basalt altar of Yredelemnul.
  1662 | D:2      | Noticed Robin
  1726 | D:2      | Killed Robin
  2913 | D:3      | Reached XP level 6. HP: 35/38 MP: 9/9
  3032 | D:3      | Reached skill level 5 in Unarmed Combat
  4603 | D:4      | Noticed jomper's ghost (amateur MiFi)
  4612 | D:4      | Reached XP level 7. HP: 11/45 MP: 5/10
  4921 | D:4      | Reached skill level 6 in Unarmed Combat
  5292 | D:4      | HP: 1/45 [jomper's ghost (16)]
  5839 | D:4      | Found a runed door.
  5917 | D:5      | Entered Level 5 of the Dungeon
  5968 | D:5      | Noticed a two-headed ogre
  5973 | D:5      | Killed a two-headed ogre
  6149 | D:5      | Noticed Grinder
  6162 | D:5      | Killed Grinder
  6162 | D:5      | Reached skill level 7 in Unarmed Combat
  6162 | D:5      | Reached XP level 8. HP: 36/51 MP: 8/11
  6598 | D:5      | Found Heniaf's Distillery.
  6638 | D:5      | Noticed Pikel
  6668 | D:5      | Killed Pikel
  6668 | D:5      | Reached skill level 9 in Unarmed Combat
  6829 | D:6      | Found a sparkling altar of Nemelex Xobeh.
  6846 | D:6      | Reached XP level 9. HP: 15/57 MP: 8/12
  7369 | D:6      | Reached skill level 5 in Dodging
  7534 | D:6      | Learned a level 4 spell: Ice Form
  7737 | D:6      | Reached skill level 10 in Unarmed Combat
  7869 | D:6      | Found a staircase to the Ecumenical Temple.
  7969 | Temple   | Entered the Ecumenical Temple
  8183 | Temple   | Became a worshipper of Gozag Ym Sagoz the Greedy
  9272 | D:7      | Reached skill level 5 in Transmutations
  9459 | D:7      | Found an ancient bone altar of Kikubaaqudgha.
  9478 | D:7      | Reached XP level 10. HP: 59/63 MP: 13/13
  9919 | D:8      | Reached skill level 5 in Fighting
 10450 | D:9      | Found a snail-covered altar of Cheibriados.
 10875 | D:9      | Paralysed by fainting for 10 turns
 10900 | D:9      | Slain by a hound

Skill      XL: |  1  2  3  4  5  6  7  8  9 10 |
---------------+-------------------------------+-----
Unarmed Combat | 4 5 7 9 10 | 10.3
Poison Magic   | 2 3 |  3.8
Stealth        | 1 3 |  3.5
Fighting       | 2 3 4 6 |  6.5
Dodging        | 4 6 |  6.3
Transmutations | 5 |  5.2
Spellcasting   | |  2.0

Action                   |  1- 3 |  4- 6 |  7- 9 | 10-12 || total
-------------------------+-------+-------+-------+-------++-------
Melee: Unarmed           |    91 |   192 |   261 |   131 ||   675
       Constrict         |    23 |    28 |    26 |    13 ||    90
       Punch             |     3 |     3 |     6 |     9 ||    21
       Tentacles         |    12 |    17 |    23 |    13 ||    65
       Kick              |     9 |       |       |       ||     9
Throw: Stone             |       |       |     1 |       ||     1
 Cast: Beastly Appendage |     3 |       |       |       ||     3
       Spider Form       |     1 |    12 |    22 |     5 ||    40
 Abil: End Transformatio |       |       |     1 |       ||     1
  Use: Scroll            |       |     1 |    11 |     2 ||    14
       Potion            |       |       |     1 |       ||     1
 Stab: Sleeping          |     3 |    11 |     7 |     4 ||    25
       Distracted        |       |       |     3 |     1 ||     4
  Eat: Meat ration       |       |     1 |       |       ||     1
       Chunk             |       |     9 |    12 |       ||    21
       Beef jerky        |       |       |     2 |     1 ||     3
       Royal jelly       |       |       |     2 |       ||     2
       Fruit             |       |       |       |     4 ||     4
Armor: Skin              |     6 |     7 |     8 |     9 ||    30
Dodge: Dodged            |    47 |   114 |   177 |    95 ||   433
